Canucks vs Maroons

Created - 23 novembre 2020 at 09:38

Goals
1 2 3 T
Canucks 0 3 2 5
Maroons 1 1 0 2
Shots
1 2 3 T
Canucks 10 13 13 36
Maroons 7 16 6 29

1st period

1. Maroons , Cal Clutterbuck 2 (Nick Schmaltz 3, Filip Zadina 2) at 12:34

Penalties :
Ryan Getzlaf (VAN) for Hooking (Minor) at 18:31

2nd period

2. Canucks , Blake Wheeler 2 (Alex Killorn 2, Mika Zibanejad 3) at 0:56 (PP)
3. Maroons , Bo Horvat 4 (Bryan Rust 4, Brendan Gallagher 3) at 8:15
4. Canucks , Blake Wheeler 3 (Oscar Klefbom 2, Mika Zibanejad 4) at 9:59
5. Canucks , Denis Gurianov 1 (Jason Dickinson 1, Matt Calvert 1) at 12:30

Penalties :
Brenden Dillon (MON) for Goalie Interference (Minor) at 0:45

3rd period

6. Canucks , Blake Wheeler 4 (Alex Killorn 3, Mika Zibanejad 5) at 5:39 (PP)
7. Canucks , Alex Killorn 3 (Mika Zibanejad 6, Blake Wheeler 5) at 19:48

Penalties :
Erik Johnson (VAN) for Hooking (Minor) at 1:11, Brendan Gallagher (MON) for Holding (Minor) at 5:31, Brenden Dillon (MON) for Hooking (Minor) at 6:58, Jacob Trouba (MON) for Holding (Minor) at 17:30

Goalie Stats

Ben Bishop (VAN), 27 saves from 29 shots - (0,931), W, 2-1-3, 60:00 minutes
John Gibson (MON), 31 saves from 36 shots - (0,861), L, 2-2-1, 60:00 minutes

Players Stats for Canucks

Player Name              G  A  P  +/- PIM S  H  SB GA TA FO     MP     PP MP  PK MP  
------------------------------------------------------------------------------------
Alex Killorn             1  2  3   0  0   3  2  2  0  0  4/6    21:48   2:51   2:25 
Alex Tuch                0  0  0   0  0   0  2  0  0  0  0/0     6:54   0:00   0:00 
Blake Wheeler            3  1  4   2  0   12 2  1  1  0  2/2    20:02   2:51   0:06 
Charlie McAvoy           0  0  0   0  0   1  0  3  1  1  0/0    21:56   1:59   0:52 
Darnell Nurse            0  0  0   1  0   0  0  0  1  0  0/0    18:53   0:00   0:42 
Denis Gurianov           1  0  1   0  0   4  1  0  0  1  0/0    11:51   0:12   0:00 
Dominik Kubalik          0  0  0  -1  0   3  2  0  1  0  0/1    18:53   1:21   1:32 
Erik Cernak              0  0  0  -1  0   2  1  2  0  1  0/0    16:17   0:00   2:37 
Erik Johnson             0  0  0   0  2   1  0  1  0  0  0/0    22:38   1:32   1:17 
Gustav Nyquist           0  0  0   1  0   3  0  1  1  1  1/2    18:08   1:26   0:00 
Jason Dickinson          0  1  1   0  0   1  0  0  0  0  4/7    11:36   0:00   0:00 
Jordan Martinook         0  0  0   0  0   0  2  0  0  0  1/1     6:54   0:00   0:00 
Matt Calvert             0  1  1   0  0   1  1  0  0  0  0/0    14:06   0:00   2:20 
Mika Zibanejad           0  4  4   2  0   3  7  0  1  0  14/25  21:17   2:49   1:27 
Oscar Klefbom            0  1  1   2  0   0  0  0  0  0  0/0    22:40   2:18   1:21 
Pierre Engvall           0  0  0   0  0   0  1  0  1  0  0/0     6:54   0:00   0:00 
Quinn Hughes             0  0  0   0  0   0  0  0  0  1  0/0    17:36   2:45   1:07 
Ryan Getzlaf             0  0  0  -1  2   2  2  1  0  0  10/17  17:37   1:21   0:06 

Players Stats for Maroons

Player Name              G  A  P  +/- PIM S  H  SB GA TA FO     MP     PP MP  PK MP  
------------------------------------------------------------------------------------
Bo Horvat                1  0  1   0  0   4  5  1  1  1  17/35  22:48   2:15   2:37 
Brendan Gallagher        0  1  1   1  2   3  2  1  1  1  0/1    19:51   2:15   0:00 
Brenden Dillon           0  0  0   0  4   2  2  0  0  0  0/0    18:40   1:34   0:22 
Bryan Rust               0  1  1   0  0   2  2  0  1  0  0/2    22:48   2:15   2:37 
Cal Clutterbuck          1  0  1  -1  0   1  1  0  0  0  0/0    12:00   0:00   0:23 
Carl Gunnarsson          0  0  0   0  0   1  0  2  0  2  0/0    19:49   1:34   1:29 
Charlie Coyle            0  0  0   0  0   5  3  0  0  1  0/0    16:21   1:43   0:00 
Ethan Prow               0  0  0   2  0   0  0  1  0  0  0/0    11:54   0:00   0:14 
Filip Zadina             0  1  1  -1  0   0  0  0  1  0  0/1    11:33   0:00   0:00 
Frederik Gauthier        0  0  0   0  0   0  0  0  0  0  0/0     0:00   0:00   0:00 
Jacob Trouba             0  0  0  -3  2   1  3  1  0  0  0/0    27:17   2:24   1:31 
Jay Beagle               0  0  0   0  0   1  2  0  0  0  0/0     7:34   0:00   0:00 
John Hayden              0  0  0   0  0   0  0  0  0  0  0/0     0:00   0:00   0:00 
Matthew Tkachuk          0  0  0   0  0   1  3  0  0  0  0/0    16:49   1:43   0:28 
Nick Ritchie             0  0  0   0  0   1  1  0  0  0  0/0     7:34   0:00   0:00 
Nick Schmaltz            0  1  1  -1  0   2  0  0  0  0  1/5    12:38   0:00   1:01 
Nicolas Aube-Kubel       0  0  0   0  0   2  0  1  0  1  0/0     7:34   0:00   0:00 
Pierre-Luc Dubois        0  0  0   0  0   1  1  1  0  0  7/17   17:49   1:43   1:28 
Rasmus Sandin            0  0  0   1  0   0  0  0  0  1  0/0    14:09   0:00   2:10 
Ryan McDonagh            0  0  0  -3  0   2  0  3  1  0  0/0    28:31   2:24   2:48 

3 Stars

1 - Blake Wheeler (VAN)
2 - Mika Zibanejad (VAN)
3 - Alex Killorn (VAN)

Power Play

Canucks - 2 on 4 Attempt(s) - 50,00%
Maroons - 0 on 2 Attempt(s) - 0,00%

Penalty Kill

Canucks - 2 on 2 Attempt(s) - 100,00% - Score 0 goal in Penalty Kill
Maroons - 2 on 4 Attempt(s) - 50,00% - Score 0 goal in Penalty Kill

Team Stat

Canucks - Hits : 23 - Faceoff Wins : 36 - Blocked Shots : 11 - Penalty Minutes : 4
Maroons - Hits : 25 - Faceoff Wins : 25 - Blocked Shots : 11 - Penalty Minutes : 8

Official

Referees : Brett Roeland and Francis Charron
Linesman : Jim Harper and Kory Nagy

Game Notes

Blake Wheeler has scored a Hat Trick!
Nick Schmaltz is injured at 19:01 of 3rd period (Strained Groin)

Finance

Level 1 -- Attendance: 4524 (75,40%) -- Ticket Income 452 400 $
Level 2 -- Attendance: 5000 (100,00%) -- Ticket Income 300 000 $
Level 3 -- Attendance: 1792 (89,60%) -- Ticket Income 62 720 $
Level 4 -- Attendance: 4000 (100,00%) -- Ticket Income 80 000 $
Luxury Box -- Attendance: 802 (80,20%) -- Ticket Income 160 400 $
Game was played at the Arena de Verdun.
Total Attendance: 16118 (89,54%)
Total Ticket Income: 1 055 520 $
Other Income: 517 205 $
Total Income: 1 572 725 $

Canucks

5 vs 5 Forward 
   Center                   Left Wing                Right Wing               Time % Phy DF OF 
 1 Mika Zibanejad           Gustav Nyquist           Blake Wheeler            35     0   0  5  
 2 Ryan Getzlaf             Dominik Kubalik          Alex Killorn             35     0   1  4  
 3 Jason Dickinson          Matt Calvert             Denis Gurianov           20     1   2  2  
 4 Jordan Martinook         Pierre Engvall           Alex Tuch                10     1   2  2  

5 vs 5 Defense 
   Defense                  Defense                                           Time % Phy DF OF 
 1 Darnell Nurse            Oscar Klefbom                                     38     0   2  3  
 2 Charlie McAvoy           Erik Johnson                                      38     0   2  3  
 3 Quinn Hughes             Erik Cernak                                       24     0   5  0  
 4 Quinn Hughes             Erik Cernak                                       0      0   5  0  

PowerPlay Forward 
   Center                   Left Wing                Right Wing               Time % Phy DF OF 
 1 Mika Zibanejad           Alex Killorn             Blake Wheeler            80     0   0  5  
 2 Ryan Getzlaf             Dominik Kubalik          Gustav Nyquist           20     0   0  5  

PowerPlay Defense
   Defense                  Defense                                           Time % Phy DF OF 
 1 Charlie McAvoy           Quinn Hughes                                      50     0   0  5  
 2 Oscar Klefbom            Quinn Hughes                                      50     0   0  5  

Penalty Kill 4 Players Forward 
   Center                   Wing                     Time % Phy DF OF 
 1 Alex Killorn             Matt Calvert             80     1   4  0  
 2 Jason Dickinson          Pierre Engvall           20     1   4  0  

Penalty Kill 4 Players Defense
   Defense                  Defense                  Time % Phy DF OF 
 1 Erik Johnson             Erik Cernak              80     1   4  0  
 2 Oscar Klefbom            Darnell Nurse            20     1   4  0  

Penalty Kill - 3 Players Forward 
   Forward                                           Time % Phy DF OF 
 1 Alex Killorn                                      60     1   4  0  
 2 Jason Dickinson                                   40     1   4  0  

Penalty Kill - 3 Players Defense
   Defense                  Defense                  Time % Phy DF OF 
 1 Erik Johnson             Erik Cernak              60     1   4  0  
 2 Oscar Klefbom            Darnell Nurse            40     1   4  0  

4 vs 4 Forward 
   Center                   Wing                     Time % Phy DF OF 
 1 Mika Zibanejad           Blake Wheeler            60     1   2  2  
 2 Ryan Getzlaf             Gustav Nyquist           40     1   2  2  

4 vs 4 Defense
   Defense                  Defense                  Time % Phy DF OF 
 1 Charlie McAvoy           Quinn Hughes             60     1   2  2  
 2 Erik Johnson             Darnell Nurse            40     1   2  2  

Last Minutes Offensive
   Center                   Left Wing                Right Wing               Defense                  Defense                  
   Mika Zibanejad           Alex Killorn             Blake Wheeler            Quinn Hughes             Oscar Klefbom            

Last Minutes Defensive
   Center                   Left Wing                Right Wing               Defense                  Defense                  
   Mika Zibanejad           Matt Calvert             Alex Killorn             Erik Johnson             Erik Cernak              

Goaltenders
Starting : Ben Bishop               
Backup : Chris Driedger           

Extra Forwards
Normal : Denis Gurianov, Alex Tuch, Pierre Engvall - PP : Denis Gurianov, Dominik Kubalik - PK : Mika Zibanejad
Extra Defensemen
Normal : Quinn Hughes, Erik Cernak, Darnell Nurse - PP : Oscar Klefbom - PK : Charlie McAvoy, Oscar Klefbom
Penalty Shots
Mika Zibanejad, Blake Wheeler, Ryan Getzlaf, Darnell Nurse, Gustav Nyquist
Custom OT Lines Forwards
Mika Zibanejad, Blake Wheeler, Ryan Getzlaf, Gustav Nyquist, Alex Killorn, Dominik Kubalik, Jason Dickinson, Denis Gurianov, Jordan Martinook, Matt Calvert
Custom OT Lines Defensemen
Quinn Hughes, Oscar Klefbom, Darnell Nurse, Charlie McAvoy, Erik Johnson

Scratches
Matt Grzelcyk (Healthy)

Maroons

5 vs 5 Forward 
   Center                   Left Wing                Right Wing               Time % Phy DF OF 
 1 Bo Horvat                Bryan Rust               Brendan Gallagher        40     1   2  2  
 2 Pierre-Luc Dubois        Matthew Tkachuk          Charlie Coyle            30     1   2  2  
 3 Nick Schmaltz            Cal Clutterbuck          Filip Zadina             20     1   2  2  
 4 Jay Beagle               Nick Ritchie             Nicolas Aube-Kubel       10     1   2  2  

5 vs 5 Defense 
   Defense                  Defense                                           Time % Phy DF OF 
 1 Jacob Trouba             Ryan McDonagh                                     40     1   2  2  
 2 Brenden Dillon           Carl Gunnarsson                                   30     1   2  2  
 3 Ethan Prow               Rasmus Sandin                                     20     1   2  2  
 4 Jacob Trouba             Ryan McDonagh                                     10     1   2  2  

PowerPlay Forward 
   Center                   Left Wing                Right Wing               Time % Phy DF OF 
 1 Bo Horvat                Bryan Rust               Brendan Gallagher        60     1   2  2  
 2 Pierre-Luc Dubois        Matthew Tkachuk          Charlie Coyle            40     1   2  2  

PowerPlay Defense
   Defense                  Defense                                           Time % Phy DF OF 
 1 Jacob Trouba             Ryan McDonagh                                     60     1   2  2  
 2 Brenden Dillon           Carl Gunnarsson                                   40     1   2  2  

Penalty Kill 4 Players Forward 
   Center                   Wing                     Time % Phy DF OF 
 1 Bo Horvat                Bryan Rust               60     1   2  2  
 2 Matthew Tkachuk          Pierre-Luc Dubois        40     1   2  2  

Penalty Kill 4 Players Defense
   Defense                  Defense                  Time % Phy DF OF 
 1 Jacob Trouba             Ryan McDonagh            60     1   2  2  
 2 Brenden Dillon           Carl Gunnarsson          40     1   2  2  

Penalty Kill - 3 Players Forward 
   Forward                                           Time % Phy DF OF 
 1 Bo Horvat                                         60     1   2  2  
 2 Bryan Rust                                        40     1   2  2  

Penalty Kill - 3 Players Defense
   Defense                  Defense                  Time % Phy DF OF 
 1 Jacob Trouba             Ryan McDonagh            60     1   2  2  
 2 Brenden Dillon           Carl Gunnarsson          40     1   2  2  

4 vs 4 Forward 
   Center                   Wing                     Time % Phy DF OF 
 1 Bo Horvat                Bryan Rust               60     1   2  2  
 2 Matthew Tkachuk          Pierre-Luc Dubois        40     1   2  2  

4 vs 4 Defense
   Defense                  Defense                  Time % Phy DF OF 
 1 Jacob Trouba             Ryan McDonagh            60     1   2  2  
 2 Brenden Dillon           Carl Gunnarsson          40     1   2  2  

Last Minutes Offensive
   Center                   Left Wing                Right Wing               Defense                  Defense                  
   Bo Horvat                Bryan Rust               Brendan Gallagher        Jacob Trouba             Ryan McDonagh            

Last Minutes Defensive
   Center                   Left Wing                Right Wing               Defense                  Defense                  
   Bo Horvat                Bryan Rust               Brendan Gallagher        Jacob Trouba             Ryan McDonagh            

Goaltenders
Starting : John Gibson              
Backup : Philippe Desrosiers      

Extra Forwards
Normal : Frederik Gauthier, John Hayden, Nick Schmaltz - PP : Frederik Gauthier, John Hayden - PK : Nick Schmaltz
Extra Defensemen
Normal : Ethan Prow, Rasmus Sandin, Brenden Dillon - PP : Ethan Prow - PK : Rasmus Sandin, Brenden Dillon
Penalty Shots
Bo Horvat, Bryan Rust, Matthew Tkachuk, Pierre-Luc Dubois, Brendan Gallagher
Custom OT Lines Forwards
Bo Horvat, Bryan Rust, Matthew Tkachuk, Pierre-Luc Dubois, Brendan Gallagher, Charlie Coyle, Nick Schmaltz, Cal Clutterbuck, Filip Zadina, Nick Ritchie
Custom OT Lines Defensemen
Jacob Trouba, Ryan McDonagh, Brenden Dillon, Carl Gunnarsson, Ethan Prow

Scratches
Dylan McIlrath (Strained Right Elbow Injury), Esa Lindell (Exhaustion)

% Time on Ice - Canucks

Lines # - Real PCT - Wanted PCT - Time Play
Normal Forward
1 - 33% - 35% - 17:15
2 - 31% - 35% - 16:00
3 - 22% - 20% - 11:36
4 - 13% - 10% - 6:54
Normal Defense
1 - 36% - 38% - 18:27
2 - 38% - 38% - 19:53
3 - 23% - 24% - 11:53
4 - 3% - 0% - 1:32
PP Forward
1 - 68% - 80% - 2:56
2 - 32% - 20% - 1:21
PP Defense
1 - 46% - 50% - 1:59
2 - 54% - 50% - 2:18
PK Forward
1 - 100% - 80% - 3:58
2 - 0% - 20% - 0:00
PK Defense
1 - 82% - 80% - 3:16
2 - 18% - 20% - 0:42
PK3 Forward
1 - 0% - 60%
2 - 0% - 40%
PK3 Defense
1 - 0% - 60%
2 - 0% - 40%
44 Forward
1 - 0% - 60%
2 - 0% - 40%
44 Defense
1 - 0% - 60%
2 - 0% - 40%
Last Minute Offensive  - 0:00
Last Minute Defensive  - 0:00
Total
Forward - 60:00
Defense - 60:00

% Time on Ice - Maroons

Lines # - Real PCT - Wanted PCT - Time Play
Normal Forward
1 - 35% - 40% - 18:00
2 - 28% - 30% - 14:38
3 - 22% - 20% - 11:33
4 - 15% - 10% - 7:34
Normal Defense
1 - 39% - 40% - 20:23
2 - 32% - 30% - 16:46
3 - 23% - 20% - 11:40
4 - 6% - 10% - 2:56
PP Forward
1 - 57% - 60% - 2:15
2 - 43% - 40% - 1:43
PP Defense
1 - 61% - 60% - 2:24
2 - 39% - 40% - 1:34
PK Forward
1 - 89% - 60% - 3:49
2 - 11% - 40% - 0:28
PK Defense
1 - 71% - 60% - 3:02
2 - 29% - 40% - 1:15
PK3 Forward
1 - 0% - 60%
2 - 0% - 40%
PK3 Defense
1 - 0% - 60%
2 - 0% - 40%
44 Forward
1 - 0% - 60%
2 - 0% - 40%
44 Defense
1 - 0% - 60%
2 - 0% - 40%
Last Minute Offensive  - 0:00
Last Minute Defensive  - 0:00
Total
Forward - 60:00
Defense - 60:00

Play-by-Play

1st period


0:01 of 1st period - Bo Horvat wins face-off versus Mika Zibanejad in neutral zone.
1:13 of 1st period - Matt Calvert is hit by Jay Beagle and loses puck.
1:38 of 1st period - Slapshot by Brendan Gallagher.
1:38 of 1st period - Shot Blocked by Erik Cernak.
1:58 of 1st period - Backhand shot by Filip Zadina.
1:58 of 1st period - Deflect By Mika Zibanejad.
1:58 of 1st period - Shot Misses the Net.
1:58 of 1st period - Puck is out of play.
1:59 of 1st period - Mika Zibanejad wins face-off versus Filip Zadina in Canucks zone.
3:09 of 1st period - Ryan McDonagh is hit by Alex Tuch and loses puck.
3:56 of 1st period - Wrist shot by Brendan Gallagher.
3:56 of 1st period - Stopped by Ben Bishop with a rebound.
3:58 of 1st period - Slapshot by Ethan Prow.
3:58 of 1st period - Shot Blocked by Ryan Getzlaf.
4:00 of 1st period - Snap shot by Bo Horvat.
4:00 of 1st period - Shot Misses the Net.
4:20 of 1st period - Snap shot by Denis Gurianov.
4:20 of 1st period - Shot Misses the Net.
5:14 of 1st period - Wrist shot by Nick Ritchie.
5:14 of 1st period - Shot Misses the Net.
5:22 of 1st period - Wrist shot by Alex Killorn.
5:22 of 1st period - Stopped by John Gibson with a rebound.
5:24 of 1st period - Wrist shot by Charlie McAvoy.
5:24 of 1st period - Deflect By Dominik Kubalik.
5:24 of 1st period - Shot Misses the Net.
5:24 of 1st period - Puck is out of play.
5:25 of 1st period - Blake Wheeler wins face-off versus Bo Horvat in Maroons zone.
6:15 of 1st period - Nick Schmaltz is hit by Jordan Martinook and loses puck.
6:34 of 1st period - Bo Horvat is hit by Alex Killorn and loses puck.
7:20 of 1st period - Wrist shot by Matt Calvert.
7:20 of 1st period - Shot Misses the Net.
7:52 of 1st period - Snap shot by Nicolas Aube-Kubel.
7:52 of 1st period - Shot Blocked by Erik Johnson.
8:00 of 1st period - Slapshot by Dominik Kubalik.
8:00 of 1st period - Stopped by John Gibson without a rebound.
8:01 of 1st period - Bo Horvat wins face-off versus Mika Zibanejad in Maroons zone.
8:01 of 1st period - Bo Horvat is hit by Mika Zibanejad.
8:13 of 1st period - Blake Wheeler is hit by Bo Horvat and loses puck.
8:18 of 1st period - Wrist shot by Brendan Gallagher.
8:18 of 1st period - Shot Misses the Net.
9:10 of 1st period - Snap shot by Matthew Tkachuk.
9:10 of 1st period - Shot Misses the Net.
9:39 of 1st period - Snap shot by Bo Horvat.
9:39 of 1st period - Shot Blocked by Charlie McAvoy.
9:59 of 1st period - Slapshot by Denis Gurianov.
9:59 of 1st period - Deflect By Matt Calvert.
9:59 of 1st period - Shot Misses the Net.
9:59 of 1st period - Puck is out of play.
10:00 of 1st period - Jason Dickinson wins face-off versus Nick Schmaltz in Maroons zone.
10:01 of 1st period - Wrist shot by Denis Gurianov.
10:01 of 1st period - Stopped by John Gibson without a rebound.
10:02 of 1st period - Bo Horvat wins face-off versus Jason Dickinson in Maroons zone.
10:09 of 1st period - Snap shot by Denis Gurianov.
10:09 of 1st period - Stopped by John Gibson without a rebound.
10:10 of 1st period - Bo Horvat wins face-off versus Mika Zibanejad in Maroons zone.
10:15 of 1st period - Slapshot by Blake Wheeler.
10:15 of 1st period - Stopped by John Gibson without a rebound.
10:16 of 1st period - Mika Zibanejad wins face-off versus Bo Horvat in Maroons zone.
10:30 of 1st period - Icing by Erik Johnson.
10:31 of 1st period - Pierre-Luc Dubois wins face-off versus Mika Zibanejad in Canucks zone.
10:38 of 1st period - Snap shot by Mika Zibanejad.
10:38 of 1st period - Deflect By Blake Wheeler.
10:38 of 1st period - Shot Misses the Net.
10:38 of 1st period - Puck is out of play.
10:39 of 1st period - Ryan Getzlaf wins face-off versus Pierre-Luc Dubois in Maroons zone.
10:40 of 1st period - Snap shot by Alex Killorn.
10:40 of 1st period - Shot Misses the Net.
10:42 of 1st period - Snap shot by Dominik Kubalik.
10:42 of 1st period - Stopped by John Gibson without a rebound.
10:43 of 1st period - Bo Horvat wins face-off versus Ryan Getzlaf in Maroons zone.
11:17 of 1st period - Wrist shot by Ryan Getzlaf.
11:17 of 1st period - Stopped by John Gibson without a rebound.
11:18 of 1st period - Mika Zibanejad wins face-off versus Pierre-Luc Dubois in Maroons zone.
11:23 of 1st period - Snap shot by Mika Zibanejad.
11:23 of 1st period - Stopped by John Gibson with a rebound.
11:33 of 1st period - Snap shot by Charlie Coyle.
11:33 of 1st period - Stopped by Ben Bishop with a rebound.
11:35 of 1st period - Snap shot by Charlie Coyle.
11:35 of 1st period - Stopped by Ben Bishop without a rebound.
11:36 of 1st period - Ryan Getzlaf wins face-off versus Bo Horvat in Canucks zone.
11:36 of 1st period - Ryan Getzlaf is hit by Bo Horvat.
12:01 of 1st period - Gustav Nyquist is hit by Matthew Tkachuk and loses puck.
12:06 of 1st period - Snap shot by Pierre-Luc Dubois.
12:06 of 1st period - Shot Misses the Net.
12:08 of 1st period - Snap shot by Charlie Coyle.
12:08 of 1st period - Stopped by Ben Bishop with a rebound.
12:32 of 1st period - Snap shot by Nick Schmaltz.
12:32 of 1st period - Stopped by Ben Bishop with a rebound.
12:34 of 1st period - Snap shot by Cal Clutterbuck.
12:34 of 1st period - Goal by Cal Clutterbuck - Canucks : 0 - Maroons : 1.
12:35 of 1st period - Bo Horvat wins face-off versus Alex Killorn in neutral zone.
13:51 of 1st period - Pierre Engvall is hit by Jay Beagle and loses puck.
14:50 of 1st period - Snap shot by Mika Zibanejad.
14:50 of 1st period - Stopped by John Gibson without a rebound.
14:51 of 1st period - Mika Zibanejad wins face-off versus Bo Horvat in Maroons zone.
14:54 of 1st period - Snap shot by Mika Zibanejad.
14:54 of 1st period - Shot Blocked by Bo Horvat.
15:04 of 1st period - Wrist shot by Bryan Rust.
15:04 of 1st period - Shot Misses the Net.
15:06 of 1st period - Snap shot by Bryan Rust.
15:06 of 1st period - Shot Misses the Net.
15:08 of 1st period - Slapshot by Brenden Dillon.
15:08 of 1st period - Shot Misses the Net.
15:23 of 1st period - Wrist shot by Denis Gurianov.
15:23 of 1st period - Stopped by John Gibson with a rebound.
16:02 of 1st period - Rasmus Sandin is hit by Pierre Engvall.
16:28 of 1st period - Bryan Rust is hit by Mika Zibanejad and loses puck.
16:55 of 1st period - Snap shot by Denis Gurianov.
16:55 of 1st period - Shot Blocked by Nicolas Aube-Kubel.
17:09 of 1st period - Snap shot by Nick Ritchie.
17:09 of 1st period - Shot Misses the Net.
17:13 of 1st period - Snap shot by Nick Schmaltz.
17:13 of 1st period - Stopped by Ben Bishop with a rebound.
17:44 of 1st period - Mika Zibanejad is hit by Jacob Trouba and loses puck.
17:49 of 1st period - Snap shot by Pierre-Luc Dubois.
17:49 of 1st period - Shot Blocked by Charlie McAvoy.
18:19 of 1st period - Snap shot by Denis Gurianov.
18:19 of 1st period - Shot Blocked by Ethan Prow.
18:31 of 1st period - Minor Penalty to Ryan Getzlaf for Hooking.
18:32 of 1st period - Bo Horvat wins face-off versus Alex Killorn in Canucks zone.
Goals for this period are 0 for Canucks vs 1 for Maroons.
Shots for this period are 10 for Canucks vs 7 for Maroons.

2nd period


0:01 of 2nd period - Alex Killorn wins face-off versus Bo Horvat in neutral zone.
0:15 of 2nd period - Wrist shot by Alex Killorn.
0:15 of 2nd period - Shot Misses the Net.
0:25 of 2nd period - Erik Johnson is hit by Charlie Coyle and loses puck.
0:30 of 2nd period - Wrist shot by Pierre-Luc Dubois.
0:30 of 2nd period - Stopped by Ben Bishop with a rebound.
0:31 of 2nd period - Penalty to Ryan Getzlaf is over, Ryan Getzlaf is back on ice.
0:32 of 2nd period - Slapshot by Carl Gunnarsson.
0:32 of 2nd period - Deflect By Matthew Tkachuk.
0:32 of 2nd period - Stopped by Ben Bishop with a rebound.
0:34 of 2nd period - Slapshot by Carl Gunnarsson.
0:34 of 2nd period - Stopped by Ben Bishop with a rebound.
0:36 of 2nd period - Snap shot by Charlie Coyle.
0:36 of 2nd period - Shot Blocked by Alex Killorn.
0:45 of 2nd period - Minor Penalty to Brenden Dillon for Goalie Interference.
0:46 of 2nd period - Mika Zibanejad wins face-off versus Bo Horvat in Maroons zone.
0:56 of 2nd period - Slapshot by Blake Wheeler.
0:56 of 2nd period - Goal by Blake Wheeler - Canucks : 1 - Maroons : 1.
0:57 of 2nd period - Bo Horvat wins face-off versus Ryan Getzlaf in neutral zone.
1:02 of 2nd period - Slapshot by Brendan Gallagher.
1:02 of 2nd period - Shot Misses the Net.
1:24 of 2nd period - Darnell Nurse is hit by Pierre-Luc Dubois and loses puck.
1:47 of 2nd period - Cal Clutterbuck is hit by Mika Zibanejad and loses puck.
1:54 of 2nd period - Slapshot by Ryan McDonagh.
1:54 of 2nd period - Stopped by Ben Bishop with a rebound.
2:25 of 2nd period - Jordan Martinook is hit by Bryan Rust and loses puck.
2:36 of 2nd period - Wrist shot by Alex Tuch.
2:36 of 2nd period - Deflect By Carl Gunnarsson.
2:36 of 2nd period - Shot Blocked by Carl Gunnarsson.
2:36 of 2nd period - Puck is out of play.
2:37 of 2nd period - Mika Zibanejad wins face-off versus Pierre-Luc Dubois in Maroons zone.
2:44 of 2nd period - Wrist shot by Blake Wheeler.
2:44 of 2nd period - Shot Misses the Net.
3:08 of 2nd period - Icing by Erik Cernak.
3:09 of 2nd period - Bo Horvat wins face-off versus Ryan Getzlaf in Canucks zone.
3:16 of 2nd period - Slapshot by Brendan Gallagher.
3:16 of 2nd period - Deflect By Bryan Rust.
3:16 of 2nd period - Stopped by Ben Bishop without a rebound.
3:17 of 2nd period - Blake Wheeler wins face-off versus Bo Horvat in Canucks zone.
3:43 of 2nd period - Wrist shot by Denis Gurianov.
3:43 of 2nd period - Shot Misses the Net.
3:47 of 2nd period - Wrist shot by Denis Gurianov.
3:47 of 2nd period - Shot Misses the Net.
3:49 of 2nd period - Wrist shot by Erik Johnson.
3:49 of 2nd period - Stopped by John Gibson without a rebound.
3:50 of 2nd period - Jason Dickinson wins face-off versus Pierre-Luc Dubois in Maroons zone.
3:51 of 2nd period - Snap shot by Denis Gurianov.
3:51 of 2nd period - Shot Misses the Net.
3:55 of 2nd period - Snap shot by Charlie McAvoy.
3:55 of 2nd period - Stopped by John Gibson without a rebound.
3:56 of 2nd period - Ryan Getzlaf wins face-off versus Pierre-Luc Dubois in Maroons zone.
4:21 of 2nd period - Brenden Dillon is hit by Mika Zibanejad and loses puck.
4:52 of 2nd period - Icing by Filip Zadina.
4:53 of 2nd period - Nick Schmaltz wins face-off versus Ryan Getzlaf in Maroons zone.
5:00 of 2nd period - Erik Johnson is hit by Cal Clutterbuck and loses puck.
5:19 of 2nd period - Snap shot by Filip Zadina.
5:19 of 2nd period - Shot Misses the Net.
5:25 of 2nd period - Jacob Trouba is hit by Blake Wheeler and loses puck.
5:42 of 2nd period - Snap shot by Matthew Tkachuk.
5:42 of 2nd period - Shot Misses the Net.
5:44 of 2nd period - Slapshot by Ryan McDonagh.
5:44 of 2nd period - Stopped by Ben Bishop with a rebound.
5:46 of 2nd period - Wrist shot by Charlie Coyle.
5:46 of 2nd period - Shot Misses the Net.
5:48 of 2nd period - Snap shot by Charlie Coyle.
5:48 of 2nd period - Stopped by Ben Bishop without a rebound.
5:49 of 2nd period - Ryan Getzlaf wins face-off versus Bo Horvat in Canucks zone.
5:49 of 2nd period - Ryan Getzlaf is hit by Bo Horvat.
6:19 of 2nd period - Snap shot by Blake Wheeler.
6:19 of 2nd period - Shot Misses the Net.
6:40 of 2nd period - Off-side.
6:41 of 2nd period - Bo Horvat wins face-off versus Dominik Kubalik in neutral zone.
7:08 of 2nd period - Mika Zibanejad is hit by Matthew Tkachuk and loses puck.
7:19 of 2nd period - Wrist shot by Pierre-Luc Dubois.
7:19 of 2nd period - Shot Misses the Net.
8:01 of 2nd period - Snap shot by Jason Dickinson.
8:01 of 2nd period - Stopped by John Gibson with a rebound.
8:13 of 2nd period - Wrist shot by Bo Horvat.
8:13 of 2nd period - Stopped by Ben Bishop with a rebound.
8:15 of 2nd period - Wrist shot by Bo Horvat.
8:15 of 2nd period - Goal by Bo Horvat - Canucks : 1 - Maroons : 2.
8:16 of 2nd period - Ryan Getzlaf wins face-off versus Brendan Gallagher in neutral zone.
8:41 of 2nd period - Bryan Rust is hit by Alex Tuch and loses puck.
9:06 of 2nd period - Snap shot by Bo Horvat.
9:06 of 2nd period - Stopped by Ben Bishop without a rebound.
9:07 of 2nd period - Alex Killorn wins face-off versus Pierre-Luc Dubois in Canucks zone.
9:14 of 2nd period - Slapshot by Ryan Getzlaf.
9:14 of 2nd period - Shot Misses the Net.
9:39 of 2nd period - Slapshot by Blake Wheeler.
9:39 of 2nd period - Stopped by John Gibson without a rebound.
9:40 of 2nd period - Mika Zibanejad wins face-off versus Nick Schmaltz in Maroons zone.
9:43 of 2nd period - Wrist shot by Mika Zibanejad.
9:43 of 2nd period - Stopped by John Gibson without a rebound.
9:44 of 2nd period - Mika Zibanejad wins face-off versus Nick Schmaltz in Maroons zone.
9:53 of 2nd period - Wrist shot by Blake Wheeler.
9:53 of 2nd period - Shot Misses the Net.
9:55 of 2nd period - Slapshot by Oscar Klefbom.
9:55 of 2nd period - Shot Misses the Net.
9:57 of 2nd period - Snap shot by Blake Wheeler.
9:57 of 2nd period - Stopped by John Gibson with a rebound.
9:59 of 2nd period - Wrist shot by Blake Wheeler.
9:59 of 2nd period - Goal by Blake Wheeler - Canucks : 2 - Maroons : 2.
10:00 of 2nd period - Ryan Getzlaf wins face-off versus Bryan Rust in neutral zone.
10:09 of 2nd period - Snap shot by Brendan Gallagher.
10:09 of 2nd period - Stopped by Ben Bishop with a rebound.
10:26 of 2nd period - Matthew Tkachuk is hit by Mika Zibanejad and loses puck.
10:50 of 2nd period - Off-side.
10:51 of 2nd period - Jason Dickinson wins face-off versus Nick Schmaltz in neutral zone.
11:03 of 2nd period - Wrist shot by Denis Gurianov.
11:03 of 2nd period - Shot Blocked by Ryan McDonagh.
11:19 of 2nd period - Wrist shot by Brendan Gallagher.
11:19 of 2nd period - Shot Misses the Net.
11:21 of 2nd period - Snap shot by Brenden Dillon.
11:21 of 2nd period - Stopped by Ben Bishop with a rebound.
11:38 of 2nd period - Off-side.
11:39 of 2nd period - Mika Zibanejad wins face-off versus Pierre-Luc Dubois in neutral zone.
11:50 of 2nd period - Snap shot by Gustav Nyquist.
11:50 of 2nd period - Shot Hit the Post.
11:52 of 2nd period - Slapshot by Erik Cernak.
11:52 of 2nd period - Stopped by John Gibson with a rebound.
11:54 of 2nd period - Slapshot by Blake Wheeler.
11:54 of 2nd period - Shot Blocked by Ryan McDonagh.
11:56 of 2nd period - Wrist shot by Gustav Nyquist.
11:56 of 2nd period - Shot Misses the Net.
12:06 of 2nd period - Quinn Hughes is hit by Brendan Gallagher and loses puck.
12:15 of 2nd period - Bryan Rust is hit by Dominik Kubalik and loses puck.
12:30 of 2nd period - Wrist shot by Denis Gurianov.
12:30 of 2nd period - Goal by Denis Gurianov - Canucks : 3 - Maroons : 2.
12:31 of 2nd period - Ryan Getzlaf wins face-off versus Bo Horvat in neutral zone.
12:57 of 2nd period - Ethan Prow is hit by Mika Zibanejad and loses puck.
13:55 of 2nd period - Snap shot by Brendan Gallagher.
13:55 of 2nd period - Shot Misses the Net.
13:57 of 2nd period - Slapshot by Jacob Trouba.
13:57 of 2nd period - Stopped by Ben Bishop without a rebound.
13:58 of 2nd period - Pierre-Luc Dubois wins face-off versus Ryan Getzlaf in Canucks zone.
13:59 of 2nd period - Slapshot by Charlie Coyle.
13:59 of 2nd period - Stopped by Ben Bishop without a rebound.
14:00 of 2nd period - Ryan Getzlaf wins face-off versus Pierre-Luc Dubois in Canucks zone.
14:00 of 2nd period - Ryan Getzlaf is hit by Jacob Trouba.
14:30 of 2nd period - Wrist shot by Alex Killorn.
14:30 of 2nd period - Shot Misses the Net.
14:32 of 2nd period - Snap shot by Dominik Kubalik.
14:32 of 2nd period - Stopped by John Gibson with a rebound.
14:46 of 2nd period - Wrist shot by Alex Killorn.
14:46 of 2nd period - Stopped by John Gibson without a rebound.
14:47 of 2nd period - Bo Horvat wins face-off versus Mika Zibanejad in Maroons zone.
15:14 of 2nd period - Pierre-Luc Dubois is hit by Matt Calvert and loses puck.
15:37 of 2nd period - Backhand shot by Nicolas Aube-Kubel.
15:37 of 2nd period - Shot Misses the Net.
15:39 of 2nd period - Snap shot by Nicolas Aube-Kubel.
15:39 of 2nd period - Stopped by Ben Bishop without a rebound.
15:40 of 2nd period - Gustav Nyquist wins face-off versus Bo Horvat in Canucks zone.
15:40 of 2nd period - Gustav Nyquist is hit by Bryan Rust.
15:47 of 2nd period - Snap shot by Bo Horvat.
15:47 of 2nd period - Shot Blocked by Gustav Nyquist.
15:49 of 2nd period - Slapshot by Ryan McDonagh.
15:49 of 2nd period - Shot Misses the Net.
15:51 of 2nd period - Snap shot by Brendan Gallagher.
15:51 of 2nd period - Stopped by Ben Bishop without a rebound.
15:52 of 2nd period - Mika Zibanejad wins face-off versus Bo Horvat in Canucks zone.
16:11 of 2nd period - Brendan Gallagher is hit by Blake Wheeler and loses puck.
17:49 of 2nd period - Wrist shot by Ryan Getzlaf.
17:49 of 2nd period - Shot Blocked by Pierre-Luc Dubois.
18:20 of 2nd period - Quinn Hughes is hit by Brenden Dillon and loses puck.
19:13 of 2nd period - Backhand shot by Matt Calvert.
19:13 of 2nd period - Stopped by John Gibson without a rebound.
19:14 of 2nd period - Mika Zibanejad wins face-off versus Bo Horvat in Maroons zone.
19:25 of 2nd period - Snap shot by Mika Zibanejad.
19:25 of 2nd period - Shot Blocked by Brendan Gallagher.
19:47 of 2nd period - Matthew Tkachuk is hit by Ryan Getzlaf and loses puck.
Goals for this period are 3 for Canucks vs 1 for Maroons.
Shots for this period are 13 for Canucks vs 16 for Maroons.

3rd period


0:01 of 3rd period - Bo Horvat wins face-off versus Mika Zibanejad in neutral zone.
0:06 of 3rd period - Snap shot by Bryan Rust.
0:06 of 3rd period - Stopped by Ben Bishop without a rebound.
0:07 of 3rd period - Mika Zibanejad wins face-off versus Bo Horvat in Canucks zone.
0:28 of 3rd period - Bryan Rust is hit by Mika Zibanejad and loses puck.
0:47 of 3rd period - Slapshot by Brendan Gallagher.
0:47 of 3rd period - Deflect By Bryan Rust.
0:47 of 3rd period - Shot Blocked by Blake Wheeler.
0:47 of 3rd period - Puck is out of play.
0:48 of 3rd period - Ryan Getzlaf wins face-off versus Pierre-Luc Dubois in Canucks zone.
1:11 of 3rd period - Minor Penalty to Erik Johnson for Hooking.
1:12 of 3rd period - Alex Killorn wins face-off versus Bo Horvat in Canucks zone.
1:50 of 3rd period - Wrist shot by Matthew Tkachuk.
1:50 of 3rd period - Shot Misses the Net.
3:11 of 3rd period - Penalty to Erik Johnson is over, Erik Johnson is back on ice.
3:27 of 3rd period - Nick Ritchie is hit by Jordan Martinook and loses puck.
4:11 of 3rd period - Slapshot by Oscar Klefbom.
4:11 of 3rd period - Shot Misses the Net.
4:35 of 3rd period - Brendan Gallagher is hit by Denis Gurianov.
4:47 of 3rd period - Nicolas Aube-Kubel is hit by Erik Cernak and loses puck.
5:09 of 3rd period - Snap shot by Nick Ritchie.
5:09 of 3rd period - Deflect By Nicolas Aube-Kubel.
5:09 of 3rd period - Stopped by Ben Bishop without a rebound.
5:10 of 3rd period - Jason Dickinson wins face-off versus Bo Horvat in Canucks zone.
5:19 of 3rd period - Snap shot by Bo Horvat.
5:19 of 3rd period - Stopped by Ben Bishop with a rebound.
5:31 of 3rd period - Minor Penalty to Brendan Gallagher for Holding.
5:32 of 3rd period - Mika Zibanejad wins face-off versus Bo Horvat in Maroons zone.
5:35 of 3rd period - Snap shot by Mika Zibanejad.
5:35 of 3rd period - Shot Blocked by Jacob Trouba.
5:37 of 3rd period - Snap shot by Alex Killorn.
5:37 of 3rd period - Shot Misses the Net.
5:39 of 3rd period - Slapshot by Blake Wheeler.
5:39 of 3rd period - Goal by Blake Wheeler - Canucks : 4 - Maroons : 2.
5:40 of 3rd period - Alex Killorn wins face-off versus Bryan Rust in neutral zone.
5:54 of 3rd period - Slapshot by Charlie McAvoy.
5:54 of 3rd period - Deflect By Ryan Getzlaf.
5:54 of 3rd period - Stopped by John Gibson without a rebound.
5:55 of 3rd period - Pierre-Luc Dubois wins face-off versus Gustav Nyquist in Maroons zone.
6:04 of 3rd period - Blake Wheeler is hit by Charlie Coyle and loses puck.
6:21 of 3rd period - Oscar Klefbom is hit by Bo Horvat and loses puck.
6:52 of 3rd period - Snap shot by Jordan Martinook.
6:52 of 3rd period - Shot Blocked by Carl Gunnarsson.
6:58 of 3rd period - Minor Penalty to Brenden Dillon for Hooking.
6:59 of 3rd period - Bo Horvat wins face-off versus Mika Zibanejad in Maroons zone.
8:58 of 3rd period - Penalty to Brenden Dillon is over, Brenden Dillon is back on ice.
9:11 of 3rd period - Pierre Engvall is hit by Nick Ritchie and loses puck.
9:18 of 3rd period - Snap shot by Nick Ritchie.
9:18 of 3rd period - Shot Misses the Net.
10:09 of 3rd period - Alex Tuch is hit by Charlie Coyle and loses puck.
10:50 of 3rd period - Wrist shot by Blake Wheeler.
10:50 of 3rd period - Stopped by John Gibson with a rebound.
10:52 of 3rd period - Snap shot by Gustav Nyquist.
10:52 of 3rd period - Stopped by John Gibson without a rebound.
10:53 of 3rd period - Pierre-Luc Dubois wins face-off versus Mika Zibanejad in Maroons zone.
11:33 of 3rd period - Snap shot by Blake Wheeler.
11:33 of 3rd period - Stopped by John Gibson without a rebound.
11:34 of 3rd period - Bo Horvat wins face-off versus Ryan Getzlaf in Maroons zone.
11:44 of 3rd period - Off-side.
11:45 of 3rd period - Ryan Getzlaf wins face-off versus Bo Horvat in neutral zone.
11:53 of 3rd period - Brendan Gallagher is hit by Alex Killorn and loses puck.
12:02 of 3rd period - Slapshot by Ryan McDonagh.
12:02 of 3rd period - Shot Blocked by Alex Killorn.
12:12 of 3rd period - Alex Killorn is hit by Jacob Trouba and loses puck.
12:23 of 3rd period - Snap shot by Nick Schmaltz.
12:23 of 3rd period - Shot Misses the Net.
12:25 of 3rd period - Slapshot by Brenden Dillon.
12:25 of 3rd period - Stopped by Ben Bishop with a rebound.
12:45 of 3rd period - Slapshot by Nicolas Aube-Kubel.
12:45 of 3rd period - Shot Misses the Net.
12:47 of 3rd period - Slapshot by Rasmus Sandin.
12:47 of 3rd period - Shot Misses the Net.
12:58 of 3rd period - Off-side.
12:59 of 3rd period - Pierre-Luc Dubois wins face-off versus Mika Zibanejad in neutral zone.
13:02 of 3rd period - Gustav Nyquist is hit by Matthew Tkachuk and loses puck.
13:48 of 3rd period - Wrist shot by Nick Ritchie.
13:48 of 3rd period - Shot Misses the Net.
13:56 of 3rd period - Wrist shot by Nick Ritchie.
13:56 of 3rd period - Shot Blocked by Charlie McAvoy.
13:58 of 3rd period - Snap shot by Jay Beagle.
13:58 of 3rd period - Stopped by Ben Bishop without a rebound.
13:59 of 3rd period - Bo Horvat wins face-off versus Mika Zibanejad in Canucks zone.
14:04 of 3rd period - Snap shot by Brendan Gallagher.
14:04 of 3rd period - Shot Blocked by Erik Cernak.
14:18 of 3rd period - Erik Cernak is hit by Bo Horvat and loses puck.
14:33 of 3rd period - Wrist shot by Blake Wheeler.
14:33 of 3rd period - Stopped by John Gibson with a rebound.
14:47 of 3rd period - Snap shot by Blake Wheeler.
14:47 of 3rd period - Stopped by John Gibson with a rebound.
14:49 of 3rd period - Wrist shot by Blake Wheeler.
14:49 of 3rd period - Shot Misses the Net.
14:51 of 3rd period - Wrist shot by Blake Wheeler.
14:51 of 3rd period - Stopped by John Gibson with a rebound.
14:53 of 3rd period - Wrist shot by Erik Cernak.
14:53 of 3rd period - Stopped by John Gibson with a rebound.
14:55 of 3rd period - Slapshot by Gustav Nyquist.
14:55 of 3rd period - Shot Misses the Net.
14:57 of 3rd period - Wrist shot by Gustav Nyquist.
14:57 of 3rd period - Stopped by John Gibson without a rebound.
14:58 of 3rd period - Pierre-Luc Dubois wins face-off versus Ryan Getzlaf in Maroons zone.
14:58 of 3rd period - Charlie Coyle is hit by Ryan Getzlaf.
15:24 of 3rd period - Denis Gurianov is hit by Brenden Dillon.
15:52 of 3rd period - Snap shot by Nick Ritchie.
15:52 of 3rd period - Stopped by Ben Bishop without a rebound.
15:53 of 3rd period - Jordan Martinook wins face-off versus Pierre-Luc Dubois in Canucks zone.
16:32 of 3rd period - Snap shot by Blake Wheeler.
16:32 of 3rd period - Stopped by John Gibson without a rebound.
16:33 of 3rd period - Bo Horvat wins face-off versus Jason Dickinson in Maroons zone.
16:40 of 3rd period - Charlie McAvoy is hit by Brendan Gallagher.
17:28 of 3rd period - Snap shot by Dominik Kubalik.
17:28 of 3rd period - Shot Blocked by Ryan McDonagh.
17:30 of 3rd period - Minor Penalty to Jacob Trouba for Holding.
17:31 of 3rd period - Mika Zibanejad wins face-off versus Bo Horvat in Maroons zone.
18:16 of 3rd period - Slapshot by Ryan Getzlaf.
18:16 of 3rd period - Deflect By Gustav Nyquist.
18:16 of 3rd period - Stopped by John Gibson with a rebound.
19:00 of 3rd period - Nick Schmaltz is hit by Dominik Kubalik and loses puck.
19:01 of 3rd period - Nick Schmaltz from Maroons is injured at 19:01 of 3rd period (Strained Groin).
19:02 of 3rd period - Bo Horvat wins face-off versus Mika Zibanejad in Maroons zone.
19:30 of 3rd period - Penalty to Jacob Trouba is over, Jacob Trouba is back on ice.
19:46 of 3rd period - Slapshot by Mika Zibanejad.
19:46 of 3rd period - Shot Misses the Net.
19:48 of 3rd period - Snap shot by Alex Killorn.
19:48 of 3rd period - Goal by Alex Killorn - Canucks : 5 - Maroons : 2.
19:49 of 3rd period - Pierre-Luc Dubois wins face-off versus Jason Dickinson in neutral zone.
19:59 of 3rd period - Off-side.
Goals for this period are 2 for Canucks vs 0 for Maroons.
Shots for this period are 13 for Canucks vs 6 for Maroons. Output by the SimonT Hockey Simulator (STHS) for Alexandre Lamarre - Original Page W3C HTML5 Valid
Hockey Simulator - Hockey Simulation - Hockey Manager